 Dungeon Crawl Stone Soup version 0.31-a0-1321-g5021b54cb2 (webtiles) character file.

Game seed: 11761587782545731022

161 RepHenryClay the Shooter (level 5, -8/40 HPs)
             Began as a Minotaur Hexslinger on Dec 21, 2023.
             Killed from afar by an orc wizard (10 damage)
             ... with a puff of flame
             ... on level 3 of the Dungeon.
             The game lasted 00:04:14 (1639 turns).

RepHenryClay the Shooter (Minotaur Hexslinger)      Turns: 1639, Time: 00:04:14

Health: -8/40      AC:  8    Str: 14    XL:     5   Next: 18%
Magic:  5/5        EV:  9    Int: 10    God:
Gold:   114        SH:  0    Dex: 13    Spells: 6/6 levels left

rFire   . . .        a - +1 sling
rCold   . . .        (no shield)
rNeg    . . .        g - +0 scale mail
rPois   .            (helmet restricted)
rElec   .            (no cloak)
rCorr   .            (no gloves)
SInv    .            j - +1 pair of boots
Will    .....        (no amulet) Stlth
                     (no ring)
HPRegen 0.26/turn    (no ring)
MPRegen 0.09/turn

%: no passive effects
@: no status effects
A: horns 2, retaliatory headbutt
a: no special abilities


You were on level 3 of the Dungeon.
You visited 1 branch of the dungeon, and saw 3 of its levels.

You collected 114 gold pieces.

Inventory:

Hand Weapons
 a - a +1 sling (weapon)
Missiles
 d - 2 throwing nets
Armour
 c - a +0 robe
 f - a +0 leather armour
 g - a +0 scale mail (worn)
 j - a +1 pair of boots (worn)
Jewellery
 e - an amulet of the acrobat
Scrolls
 b - a scroll of poison
 i - 2 scrolls of identify
 k - a scroll of immolation


   Skills:
 - Level 1.2 Fighting
 * Level 5.2 Ranged Weapons
 + Level 2.9 Armour
 - Level 2.1 Dodging
 - Level 1.0 Spellcasting
 - Level 2.0 Hexes
 - Level 0.6 Fire Magic


You had 6 spell levels left.
You didn't know any spells.
Your spell library contained the following spells:

 Spells                   Type           Power      Damage    Failure   Level
 Jinxbite                 Hex            8%         N/A       67%         2
 Sigil of Binding         Hex            4%         N/A       88%         3
 Blink                    Tloc           0%         N/A       91%         2
 Lesser Beckoning         Tloc           0%         N/A       91%         2
 Momentum Strike          Conj/Tloc      0%         3d8       91%         2
 Inner Flame              Hex/Fire       3%         N/A       94%         3
 Dazzling Flash           Conj/Hex       4%         N/A       95%         3
 Mephitic Cloud           Conj/Alch/Air  0%         N/A       99%         3
 Cause Fear               Hex            2%         N/A       99%         4
 Dimensional Bullseye     Hex/Tloc       1%         N/A       100%        4
 Agony                    Necr           0%         N/A       100%        5
 Silence                  Hex/Air        1%         N/A       100%        5


Dungeon Overview and Level Annotations

Branches:
Dungeon (3/15)

Altars:
Yredelemnul

Shops:
D:2 =


Innate Abilities, Weirdness & Mutations

You have a pair of horns on your head.
You reflexively headbutt those who attack you in melee.


Message History

You shoot a sling bullet. Something hits you but does no damage.
Fire: a) +1 sling
Press: ? - help, Shift-Dir - straight line, f - you You shoot a sling bullet.
Something hits you but does no damage. Something hits you.
* * * LOW HITPOINT WARNING * * *
Huge Dmg: -7%(-3hp) hp: 8%(3hp) Welcome back, RepHenryClay the Minotaur Hexslinger.
Press ? for a list of commands and other information.
Fire: a) +1 sling
Press: ? - help, Shift-Dir - straight line, f - you You shoot a sling bullet.
Something hits you but does no damage.
Deactivating autopickup; reactivate with Ctrl-A.
Fire: a) +1 sling
Press: ? - help, Shift-Dir - straight line, f - you You shoot a sling bullet.
Something hits you but does no damage. x2
Fire: a) +1 sling
Press: ? - help, Shift-Dir - straight line, f - you You shoot a sling bullet.
You hear some strange, mumbled words.
Something tries to affect you, but you resist.
Fire: a) +1 sling
Press: ? - help, Shift-Dir - straight line, f - you You shoot a sling bullet.
Something hits you.
* * * LOW HITPOINT WARNING * * *
Huge Dmg: -7%(-3hp) hp: 3%(1hp) Welcome back, RepHenryClay the Minotaur Hexslinger.
Press ? for a list of commands and other information.
Fire: a) +1 sling
Press: ? - help, Shift-Dir - straight line, f - you You shoot a sling bullet.
You hear some strange, mumbled words.
A puff of flame appears from out of thin air!
Deactivating autopickup; reactivate with Ctrl-A.
The puff of flame hits you!
You die...

.##.# #.
##.# ....
#.######...
..#
#..........
#.#
#.######...
#.#####..#
######.#
#).......
..>....
#)###....
#..... #.
#{# #.... .
##.... #.#
#@# #..
#.#..... #.
........#
#..
##.#.#.. #.
###.#####
........ ..
#.####
........ .#
#.##.##
##.#.#.. .#
#.#.#.## #
#.#.#.. .#
#..###.##.#
#......
.######
#.## ##...#
...#....
......#
#..###.####
. ####.


There were no monsters in sight!

Vanquished Creatures
  Jessica (D:3)
  An orc wizard (D:3)
  2 gnolls
  2 adders (D:2)
  3 worms
  A dart slug (D:3)
  7 orcs (D:3)
  8 ball pythons
  5 bats
  2 endoplasms
  A giant cockroach (D:3)
  6 goblins
  5 hobgoblins
  2 kobolds (D:1)
  3 quokkas (D:1)
  3 frilled lizards
  4 rats
56 creatures vanquished.

Notes
Turn   | Place    | Note
-------+----------+-------------------------------------------
     0 | D:1      | RepHenryClay the Minotaur Hexslinger began the quest for
                  | the Orb.
     0 | D:1      | Reached XP level 1. HP: 16/16 MP: 1/1
    97 | D:1      | Reached skill level 3 in Ranged Weapons
   103 | D:1      | Reached XP level 2. HP: 9/23 MP: 2/2
   600 | D:2      | Reached skill level 1 in Armour
   600 | D:2      | Reached XP level 3. HP: 28/28 MP: 3/3
   733 | D:2      | Reached skill level 4 in Ranged Weapons
  1038 | D:2      | Found Yganasch's Jewellery Shoppe.
  1245 | D:3      | Reached XP level 4. HP: 32/35 MP: 4/4
  1389 | D:3      | Noticed Jessica
  1398 | D:3      | Killed Jessica
  1499 | D:3      | Found a basalt altar of Yredelemnul.
  1582 | D:3      | Reached skill level 5 in Ranged Weapons
  1614 | D:3      | Reached XP level 5. HP: 19/40 MP: 5/5
  1638 | D:3      | HP: 1/40 [something (3)]
  1639 | D:3      | Killed from afar by an orc wizard

Illustrated notes

Levels and vault maps discovered:
D:1:      eino_arrival_water_star, layout_rooms
D:2:      layout_basic, serial_shops, nicolae_shop_pleasant_corner_grove
D:3:      layout_loops_ring, yredelemnul_altar_generic, lemuel_tele_altar,
          uniq_jessica, uniq_robin

Skill      XL: |  1  2  3  4 |
---------------+-------------+-----
Ranged Weapons | 3 4 5 |  5.2
Armour         | 1 2 |  2.9
Fighting       | |  1.2
Dodging        | |  2.1
Spellcasting   | |  1.0
Hexes          | |  2.0
Fire Magic     | |  0.6

Action                     |  1- 3 |  4- 6 || total
---------------------------+-------+-------++-------
   Fire: Sling             |   154 |    84 ||   238
  Throw: Throwing net      |       |     2 ||     2
    Use: Potion            |       |     2 ||     2
         Scroll            |       |     2 ||     2
 Armour: Robe              |     9 |       ||     9
         Scale mail        |    37 |    68 ||   105
  Dodge: Dodged            |    54 |    16 ||    70

Table legend: (Time is in decaauts)
 A = Elapsed time spent in this place.
 B = Non-inter-level travel time spent in this place.
 C = Inter-level travel time spent in this place.
 D = Time resting spent in this place.
 E = Time spent auto-exploring this place.
 F = Levels seen in this place.
 G = Mean time per level.
                   A        B        C        D        E       F      G
               +--------+--------+--------+--------+--------+-----+--------+
         Total |   1732 |   1670 |     62 |     10 |   1172 |   3 |  577.3 |
       Dungeon |   1732 |   1670 |     62 |     10 |   1172 |   3 |  577.3 |
               +--------+--------+--------+--------+--------+-----+--------+

Top non-repeatable levels by time:
     D:2: 633 daAuts
     D:1: 604 daAuts
     D:3: 494 daAuts
